MLB
SEATTLE MARINERS @ DETROIT TIGERS
08/14/2019
 
TOP OF THE 1ST
Seattle Mariners batting - Pitching for Detroit Tigers : RHP Joe Ross
Pitching: RHP Joe Ross
Batting: LHB Ben Revere 0-0: Ball
1-0: Called Strike
1-1: Fly out, F7 (Flyball, 78M, EV 83.1 MPH)
Batting: LHB Brandon Nimmo 0-0: Ball
1-0: Called Strike
1-1: Foul Ball, location: 2F
1-2: Ball
2-2: Ball
3-2: Foul Ball, location: 2F
3-2: Foul Ball, location: 2F
3-2: Fly out, F6 (Flyball, 56D, EV 88.1 MPH)
Batting: RHB Manny Machado 0-0: Called Strike
0-1: Foul Ball, location: 2F
0-2: Ground out 6-3 (Groundball, 6, EV 96.3 MPH)
Top of the 1st over - 0 runs, 0 hits, 0 errors, 0 left on base; Seattle 0 - Detroit 0
BOTTOM OF THE 1ST
Detroit Tigers batting - Pitching for Seattle Mariners : LHP Clayton Kershaw
Pitching: LHP Clayton Kershaw
Batting: RHB Jean Segura 0-0: Ball
1-0: Foul Ball, location: 2F
1-1: Ball
2-1: Ball
3-1: DOUBLE (Line Drive, 78XD, EV 101.9 MPH)
Batting: RHB Starling Marte 0-0: Called Strike
0-1: Called Strike
0-2: Strikes out swinging
Batting: RHB George Springer 0-0: Ball
1-0: Ball
Jean Segura is caught stealing 3rd base 2-5
2-0: Ground out 3-1 (Groundball, 34, EV 78.8 MPH)
Bottom of the 1st over - 0 runs, 1 hit, 0 errors, 0 left on base; Seattle 0 - Detroit 0
TOP OF THE 2ND
Seattle Mariners batting - Pitching for Detroit Tigers : RHP Joe Ross
Batting: RHB Brian Dozier 0-0: Foul Ball, location: 2F
0-1: Ground out 5-3 (Groundball, 56S, EV 85.6 MPH)
Batting: RHB Willians Astudillo 0-0: Ball
1-0: Called Strike
1-1: Foul Ball, location: 2F
1-2: Foul Ball, location: 2F
1-2: Ball
2-2: Hit by Pitch
Batting: RHB Matt Kemp 0-0: Called Strike
0-1: Foul Ball, location: 2F
0-2: Strikes out looking
Batting: LHB Rowdy Tellez 0-0: Ball
1-0: Fielders Choice at 2nd, U6 (Groundball, 4M, EV 91.3 MPH)
Top of the 2nd over - 0 runs, 0 hits, 0 errors, 1 left on base; Seattle 0 - Detroit 0
BOTTOM OF THE 2ND
Detroit Tigers batting - Pitching for Seattle Mariners : LHP Clayton Kershaw
Batting: RHB Khris Davis 0-0: Ball
1-0: Ball
2-0: Swinging Strike
2-1: Called Strike
2-2: Foul Ball, location: 2F
2-2: Strikes out swinging
Batting: SHB Kendrys Morales 0-0: Ball
1-0: Called Strike
1-1: Ground out 6-3 (Groundball, 6, EV 83.8 MPH)
Batting: LHB Corey Dickerson 0-0: Ground out 3-1 (Groundball, 34, EV 92.5 MPH)
Bottom of the 2nd over - 0 runs, 0 hits, 0 errors, 0 left on base; Seattle 0 - Detroit 0
TOP OF THE 3RD
Seattle Mariners batting - Pitching for Detroit Tigers : RHP Joe Ross
Batting: SHB Anthony Santander 0-0: Called Strike
0-1: Called Strike
0-2: Ball
1-2: Ball
2-2: Strikes out swinging
Batting: LHB Eric Sogard 0-0: Called Strike
0-1: Ball
1-1: Called Strike
1-2: Ball
2-2: Ball
3-2: Ground out 4-3 (Groundball, 4, EV 88.8 MPH)
Batting: LHB Ben Revere 0-0: Called Strike
0-1: Foul Ball, location: 2F
0-2: Strikes out looking
Top of the 3rd over - 0 runs, 0 hits, 0 errors, 0 left on base; Seattle 0 - Detroit 0
BOTTOM OF THE 3RD
Detroit Tigers batting - Pitching for Seattle Mariners : LHP Clayton Kershaw
Batting: RHB J.T. Realmuto 0-0: Called Strike
0-1: Swinging Strike
0-2: Strikes out swinging
Batting: LHB Kolten Wong 0-0: Called Strike
0-1: Ball
1-1: Ball
2-1: Ground out 6-3 (Groundball, 6, EV 97.5 MPH)
Batting: RHB J.D. Davis 0-0: Called Strike
0-1: SOLO HOME RUN (Flyball, 7D, EV 111.3 MPH), Distance : 382 ft
Batting: RHB Jean Segura 0-0: Reached on error, E1 (Groundball, 13S, EV 71.9 MPH)
Batting: RHB Starling Marte 0-0: Foul Ball, location: 2F
0-1: Ground out 6-3 (Groundball, 6, EV 76.9 MPH)
Bottom of the 3rd over - 1 run, 1 hit, 1 error, 1 left on base; Seattle 0 - Detroit 1
TOP OF THE 4TH
Seattle Mariners batting - Pitching for Detroit Tigers : RHP Joe Ross
Batting: LHB Brandon Nimmo 0-0: Called Strike
0-1: Bunt for hit to 25 - play at first, batter OUT! 1-3
Batting: RHB Manny Machado 0-0: Fly out, F8 (Line Drive, 8LD, EV 92.5 MPH)
Batting: RHB Brian Dozier 0-0: Ball
1-0: Fly out, F5 (Popup, 5, EV 76.3 MPH)
Top of the 4th over - 0 runs, 0 hits, 0 errors, 0 left on base; Seattle 0 - Detroit 1
BOTTOM OF THE 4TH
Detroit Tigers batting - Pitching for Seattle Mariners : LHP Clayton Kershaw
Batting: RHB George Springer 0-0: Ball
1-0: Called Strike
1-1: Called Strike
1-2: Ball
2-2: Ball
3-2: SOLO HOME RUN (Flyball, 78XD, EV 95.6 MPH), Distance : 410 ft
Batting: RHB Khris Davis 0-0: Foul Ball, location: 2F
0-1: Swinging Strike
0-2: Strikes out swinging
Batting: SHB Kendrys Morales 0-0: Called Strike
0-1: DOUBLE (Flyball, 8RXD, EV 98.1 MPH)
Batting: LHB Corey Dickerson 0-0: Called Strike
0-1: Ball
1-1: Ball
2-1: Foul Ball, location: 2F
2-2: Ground out U3 (Groundball, 3L, EV 93.1 MPH)
Kendrys Morales to third
Batting: RHB J.T. Realmuto 0-0: Intentional Walk
Batting: LHB Kolten Wong 0-0: Ball
1-0: Swinging Strike
1-1: Foul Ball, location: 2F
1-2: Foul Ball, location: 2F
1-2: Ball
2-2: Strikes out looking
Bottom of the 4th over - 1 run, 2 hits, 0 errors, 2 left on base; Seattle 0 - Detroit 2
TOP OF THE 5TH
Seattle Mariners batting - Pitching for Detroit Tigers : RHP Joe Ross
Batting: RHB Willians Astudillo 0-0: Ground out 5-3 (Groundball, 56, EV 78.8 MPH)
Batting: RHB Matt Kemp 0-0: Called Strike
0-1: Fly out, F7 (Line Drive, 7, EV 93.8 MPH)
Batting: LHB Rowdy Tellez 0-0: Called Strike
0-1: Ball
1-1: Ball
2-1: Called Strike
2-2: Foul Ball, location: 2F
2-2: Foul Ball, location: 2F
2-2: Ball
3-2: Strikes out swinging
Top of the 5th over - 0 runs, 0 hits, 0 errors, 0 left on base; Seattle 0 - Detroit 2
BOTTOM OF THE 5TH
Detroit Tigers batting - Pitching for Seattle Mariners : LHP Clayton Kershaw
Batting: RHB J.D. Davis 0-0: SINGLE (Line Drive, 56D, EV 106.3 MPH)
Batting: RHB Jean Segura 0-0: Foul Ball, location: 2F
0-1: DOUBLE (Line Drive, 7LM, EV 104.4 MPH)
J.D. Davis to third
Batting: RHB Starling Marte 0-0: Ball
1-0: Fly out, F8 (Flyball, 8RM, EV 88.1 MPH)
Batting: RHB George Springer 0-0: Intentional Walk
Batting: RHB Khris Davis 0-0: Ball
1-0: Called Strike
1-1: Foul Ball, location: 2F
1-2: Ball
2-2: Strikes out looking
Batting: SHB Kendrys Morales 0-0: Foul Ball, location: 2F
0-1: Foul Ball, location: 2F
0-2: SINGLE (Groundball, 4D, EV 100.0 MPH)
J.D. Davis scores
Jean Segura to third
George Springer to second
Runner from 3rd tries for Home, SAFE, no throw by RF
Batting: LHB Corey Dickerson 0-0: Fly out, F7 (Flyball, 7LS, EV 83.1 MPH)
Bottom of the 5th over - 2 runs, 3 hits, 0 errors, 2 left on base; Seattle 0 - Detroit 4
TOP OF THE 6TH
Seattle Mariners batting - Pitching for Detroit Tigers : RHP Joe Ross
Batting: SHB Anthony Santander 0-0: Ball
1-0: SINGLE (Line Drive, 89S, EV 100.0 MPH)
Batting: LHB Eric Sogard 0-0: Ball
1-0: Ball
2-0: Grounds into double play, 1-6-3 (Groundball, 23, EV 85.6 MPH)
Batting: LHB Ben Revere 0-0: Ball
1-0: Ball
2-0: Foul Ball, location: 2F
2-1: SOLO HOME RUN (Line Drive, 9D, EV 102.5 MPH), Distance : 389 ft
Batting: LHB Brandon Nimmo 0-0: Fly out, F6 (Popup, 6M, EV 60.0 MPH)
Top of the 6th over - 1 run, 2 hits, 0 errors, 0 left on base; Seattle 1 - Detroit 4
BOTTOM OF THE 6TH
Detroit Tigers batting - Pitching for Seattle Mariners : LHP Clayton Kershaw
Batting: RHB J.T. Realmuto 0-0: Called Strike
0-1: Ball
1-1: Foul Ball, location: 2F
1-2: Foul Ball, location: 2F
1-2: Strikes out swinging
Batting: LHB Kolten Wong 0-0: Ball
1-0: SINGLE (Line Drive, 89S, EV 90.6 MPH)
Batting: RHB J.D. Davis 0-0: Fly out, F7 (Flyball, 78M, EV 85.0 MPH)
Batting: RHB Jean Segura 0-0: Ball
1-0: Ball
2-0: Fly out, F8 (Line Drive, 8RM, EV 91.3 MPH)
Bottom of the 6th over - 0 runs, 1 hit, 0 errors, 1 left on base; Seattle 1 - Detroit 4
TOP OF THE 7TH
Seattle Mariners batting - Pitching for Detroit Tigers : RHP Joe Ross
Batting: RHB Manny Machado 0-0: Called Strike
0-1: Foul Ball, location: 2F
0-2: Ball
1-2: Ball
2-2: Foul Ball, location: 2F
2-2: SINGLE (Groundball, 6D, EV 104.4 MPH)
Batting: RHB Brian Dozier 0-0: Foul Ball, location: 2F
0-1: Ball
1-1: Foul Ball, location: 2F
1-2: Grounds into double play, 6-4-3 (Groundball, 6, EV 80.0 MPH)
Batting: RHB Willians Astudillo 0-0: Foul Ball, location: 2F
0-1: SINGLE (Flyball, 9S, EV 94.4 MPH)
Batting: RHB Matt Kemp 0-0: Ground out 4-3 (Groundball, 4, EV 81.9 MPH)
Top of the 7th over - 0 runs, 2 hits, 0 errors, 1 left on base; Seattle 1 - Detroit 4
BOTTOM OF THE 7TH
Detroit Tigers batting - Pitching for Seattle Mariners : LHP Clayton Kershaw
Batting: RHB Starling Marte 0-0: SINGLE (Line Drive, 9S, EV 96.9 MPH)
Batting: RHB George Springer 0-0: Ball
1-0: Fielders Choice at 2nd, 5-4 (Groundball, 56, EV 102.5 MPH)
Batting: RHB Khris Davis 0-0: Ball
1-0: Ball
2-0: Ball
3-0: Called Strike
3-1: Foul Ball, location: 2F
3-2: Strikes out swinging
Batting: SHB Kendrys Morales 0-0: Ball
1-0: Called Strike
1-1: Ball
2-1: Ball
3-1: Foul Ball, location: 2F
3-2: Ground out 5-3 (Groundball, 56, EV 86.9 MPH)
Bottom of the 7th over - 0 runs, 1 hit, 0 errors, 1 left on base; Seattle 1 - Detroit 4
TOP OF THE 8TH
Seattle Mariners batting - Pitching for Detroit Tigers : RHP Joe Ross
Pitching: RHP Pedro Baez
Batting: LHB Rowdy Tellez 0-0: Swinging Strike
0-1: Foul Ball, location: 2F
0-2: Strikes out looking
Batting: SHB Anthony Santander 0-0: SINGLE (Flyball, 9LM, EV 96.9 MPH)
Batting: LHB Eric Sogard 0-0: Ball
1-0: Foul Ball, location: 2F
1-1: SINGLE (Line Drive, 7LS, EV 105.0 MPH)
Anthony Santander to second
Batting: LHB Ben Revere 0-0: Ball
1-0: Ball
2-0: Ball
3-0: Called Strike
3-1: Fly out, F9 (Line Drive, 9, EV 97.5 MPH)
Batting: LHB Brandon Nimmo 0-0: Called Strike
0-1: Swinging Strike
0-2: Strikes out swinging
Top of the 8th over - 0 runs, 2 hits, 0 errors, 2 left on base; Seattle 1 - Detroit 4
BOTTOM OF THE 8TH
Detroit Tigers batting - Pitching for Seattle Mariners : LHP Clayton Kershaw
Batting: LHB Corey Dickerson 0-0: Ball
1-0: Ball
2-0: Called Strike
2-1: DOUBLE (Line Drive, 7LM, EV 106.3 MPH)
Pinch Runner at 2nd Ryon Healy:
Batting: RHB J.T. Realmuto 0-0: Intentional Walk
Pitching: RHP Alex Wilson
Batting: LHB Kolten Wong 0-0: Ball
1-0: Called Strike
1-1: Foul Ball, location: 2F
1-2: Ball
2-2: Strikes out swinging
Batting: RHB J.D. Davis 0-0: Ball
1-0: Ball
2-0: Called Strike
2-1: Swinging Strike
2-2: Foul Ball, location: 2F
2-2: Foul Ball, location: 2F
2-2: Fly out, F9 (Line Drive, 9D, EV 95.6 MPH)
Batting: RHB Jean Segura 0-0: SINGLE (Flyball, 9S, EV 93.1 MPH)
Ryon Healy to third
J.T. Realmuto to second
Runner from 3rd tries for Home, SAFE, no throw by RF
Batting: RHB Starling Marte 0-0: Ball
1-0: Called Strike
1-1: Hit by Pitch
J.T. Realmuto to third
Jean Segura to second
Batting: RHB George Springer 0-0: Called Strike
0-1: Ball
1-1: GRAND SLAM HOME RUN (Flyball, 7LD, EV 100.6 MPH), Distance : 370 ft
Batting: RHB Khris Davis 0-0: Fly out, F3 (Flyball, 3D, EV 83.1 MPH)
Bottom of the 8th over - 5 runs, 3 hits, 0 errors, 0 left on base; Seattle 1 - Detroit 9
TOP OF THE 9TH
Seattle Mariners batting - Pitching for Detroit Tigers : RHP Pedro Baez
Now in LF: Roman Quinn
Batting: RHB Manny Machado 0-0: Ball
1-0: Foul Ball, location: 2F
1-1: Foul Ball, location: 2F
1-2: Fly out, F7 (Flyball, 7LSF, EV 87.5 MPH)
Batting: RHB Brian Dozier 0-0: Ball
1-0: Ball
2-0: Ground out 5-3 (Groundball, 56, EV 90.0 MPH)
Batting: RHB Willians Astudillo 0-0: Ground out 5-3 (Groundball, 5S, EV 80.6 MPH)
Top of the 9th over - 0 runs, 0 hits, 0 errors, 0 left on base; Seattle 1 - Detroit 9
Monday, November 18th, 2019 - OOTP Baseball 20.7 Build 68